 Dungeon Crawl Stone Soup version 0.30-a0-748-ge6a52f7cba (webtiles) character file.

Game seed: 16886076588075214973

12014 freelancePsychic the Skirmisher (level 11, -1/63 HPs)
             Began as a Tengu Monk on Feb 8, 2023.
             Was a High Priest of Hepliaklqana.
             Killed from afar by an ice statue (31 damage)
             ... with a shard of ice
             ... in an ice cave.
             The game lasted 00:15:32 (10608 turns).

freelancePsychic the Skirmisher (Tengu Monk)       Turns: 10608, Time: 00:15:33

Health: -1/63      AC:  8    Str: 13    XL:     11   Next: 86%
Magic:  14/16      EV: 21    Int: 10    God:    Hepliaklqana [*****.]
Gold:   675        SH:  0    Dex: 20    Spells: 10/10 levels left

rFire   + + .      SeeInvis .    a - +1 arbalest (heavy)
rCold   . . .      Faith    .    (shield currently unavailable)
rNeg    . . .      Spirit   .    u - +1 leather armour {rF+}
rPois   +          Reflect  .    I - +2 hat
rElec   .          Harm     .    K - +0 cloak
rCorr   .          Rampage  .    D - +0 pair of gloves
Will    .....                    (boots unavailable)
Stlth   +++                      (no amulet)
HPRegen 0.30/turn                J - ring of protection from fire
MPRegen 0.15/turn                B - ring of poison resistance

@: flying quickly and evasively, quick
A: reduced essence, beak, talons 3, nimble flight
a: Renounce Religion, Recall Ancestor, Ancestor Identity, Transference, Idealise


You were in an ice cave.
You worshipped Hepliaklqana.
Hepliaklqana was extremely pleased with you.
You visited 3 branches of the dungeon, and saw 13 of its levels.
You also visited: Ossuary, Ice Cave and Volcano.

You collected 822 gold pieces.
You spent 147 gold pieces at shops.

Inventory:

Hand Weapons
 a - a +1 heavy arbalest (weapon)
 b - a +0 sling
Missiles
 t - 23 poisoned darts
Armour
 f - a +0 leather armour
 n - a +0 robe
 u - a +1 leather armour of fire resistance (worn)
 D - a +0 pair of gloves (worn)
 I - a +2 hat (worn)
 K - a +0 cloak (worn)
Jewellery
 j - a +6 ring of strength
 y - a ring of willpower
 B - a ring of poison resistance (right hand)
 J - a ring of protection from fire (left hand)
 M - a ring of see invisible
Wands
 x - a wand of flame (18)
 H - a wand of roots (7)
 Q - a wand of mindburst (2)
Scrolls
 k - 5 scrolls of fog
 m - 8 scrolls of teleportation {@r4}
 p - 2 scrolls of immolation
 s - a scroll of torment
 v - 5 scrolls of enchant armour
 w - 3 scrolls of blinking
 A - 4 scrolls of poison
 C - 2 scrolls of amnesia
 L - a scroll of vulnerability
 N - 4 scrolls of identify {@r1}
Potions
 c - 4 potions of ambrosia
 d - a potion of haste {@q3}
 e - 8 potions of curing {@q1}
 g - 4 potions of degeneration {unknown}
 h - 3 potions of lignification {unknown}
 i - 4 potions of berserk rage {unknown}
 l - 4 potions of flight {unknown}
 o - 4 potions of attraction {unknown}
 q - a potion of heal wounds {unknown}
 r - a potion of invisibility
 E - a potion of resistance {unknown}
 G - 4 potions of mutation {unknown}
 O - 2 potions of might {unknown}
 P - 2 potions of brilliance {unknown}


   Skills:
 + Level 9.5 Fighting
 - Level 1.9 Short Blades
 - Level 0.3(1.2) Long Blades
 - Level 3.8 Polearms
 * Level 13.0 Ranged Weapons
 + Level 9.4 Dodging
 - Level 4.0 Stealth
 * Level 5.6 Invocations


You had 10 spell levels left.
You didn't know any spells.
Your spell library contained the following spells:

 Spells                   Type           Power      Damage    Failure   Level
 Sandblast                Erth           0%         2d4       43%         1
 Passwall                 Tmut/Erth      0%         N/A       58%         2
 Ignite Poison            Fire/Tmut/Pois 0%         N/A       82%         3
 Kindle Blastsparks       Fire/Tloc/Air  0%         2d10      82%         3
 Ozocubu's Armour         Ice            0%         N/A       82%         3
 Stone Arrow              Conj/Erth      0%         3d7       82%         3
 Airstrike                Air            0%         2d(0-16)  99%         4
 Summon Lightning Spire   Summ/Air       0%         N/A       99%         4
 Freezing Cloud           Conj/Ice/Air   0%         6-21      100%        5
 Lightning Bolt           Conj/Air       0%         1d11      100%        5
 Metabolic Englaciation   Hex/Ice        0%         N/A       100%        5
 Simulacrum               Ice/Necr       0%         N/A       100%        6
 Ozocubu's Refrigeration  Ice            0%         4d7       100%        7


Dungeon Overview and Level Annotations

Branches:
Dungeon (11/15)            Temple (1/1) D:4            Lair (1/5) D:9
    Orc (0/2) D:11        Ossuary (visited)           IceCv (1/1)
Volcano (visited)

Altars:
Ashenzari
Cheibriados
Dithmenos
Elyvilon
Fedhas
Gozag
Hepliaklqana
Kikubaaqudgha
Makhleb
Nemelex Xobeh
Okawaru
Qazlal
Ru
Sif Muna
Trog
Uskayaw
Vehumet
Wu Jian
Xom
Yredelemnul
Zin
The Shining One

Shops:
D:6 [   D:11 ?(

Annotations:
D:4 exclusion: black bear IceCv exclusion: ice statue


Innate Abilities, Weirdness & Mutations

Your life essence is reduced to manifest your ancestor. (-10% HP)
You have a beak for a mouth.
You have claws for feet.
Your magical nature lets you fly swiftly and evasively.


Message History

You swap places.
Edwyna hits the spriggan simulacrum with a +0 flail.
The spriggan simulacrum closely misses Edwyna.
You shoot a bolt. Edwyna avoids your attack.
The bolt closely misses the spriggan simulacrum.
The bolt hits the white imp!!!
You kill the white imp!
Edwyna hits the spriggan simulacrum with a +0 flail!
The spriggan simulacrum completely misses Edwyna.
Edwyna hits the spriggan simulacrum with a +0 flail!
The spriggan simulacrum vaporises!
No target in view!
No target in view!
You swap places.
An ice statue comes into view.
Marking area around an ice statue as unsafe for travelling.
Edwyna is recalled.
Edwyna hits the ice statue but does no damage.
Found a kite shield of cold resistance.
The ice statue gestures at you. The bolt of cold hits you!!
Ouch! That really hurt!
Edwyna hits the ice statue with a +0 flail.
You are too injured to fight recklessly!
Fire: a) +1 arbalest (heavy)
Press: ? - help, Shift-Dir - straight line, f - ice statue
Aim: an ice statue (lightly damaged, not watching you, ally target, 94% to hit)
You shoot a bolt. Edwyna avoids your attack.
The bolt hits the ice statue!
The ice statue is lightly damaged.
Edwyna hits the ice statue with a +0 flail.
Edwyna hits the ice statue but does no damage.
Fire: a) +1 arbalest (heavy)
Press: ? - help, Shift-Dir - straight line, f/p - ice statue
Aim: an ice statue (lightly damaged, ally target, 94% to hit)
You shoot a bolt. Edwyna avoids your attack.
The bolt hits the ice statue!!
The ice statue is heavily damaged.
Edwyna hits the ice statue but does no damage.
The ice statue gestures at you. The shard of ice hits you!!
You die...

#.## #..#
##.##
#..##
##..#
##.# #
#.#
#.#.#[#.#
#.....@#
#.#.8R.#
#...##
##?# ##


You could see the friendly Edwyna the knight and an ice statue (ally target).

Vanquished Creatures
  3 two-headed ogres
  A cane toad (Lair:1)
  A komodo dragon (Lair:1)
  A troll (D:9)
  A shadow (D:10)
  2 wyverns
  3 yaks (D:10)
  2 death yak simulacra (IceCv)
  4 vampire mosquitoes (D:11)
  A hydra simulacrum (IceCv)
  3 water moccasins
  5 orc warriors
  A centaur (D:11)
  3 bullfrogs
  2 kobold brigands
  6 two-headed ogre simulacra (IceCv)
  3 gnoll sergeants
  A scorpion (D:9)
  3 water moccasin zombies (Ossuary)
  2 cane toad simulacra (IceCv)
  4 wights (D:9)
  6 orc priests
  2 hounds
  5 orc wizards
  5 spriggan simulacra (IceCv)
  5 troll simulacra (IceCv)
  A wolf simulacrum (IceCv)
  6 adders
  13 gnolls
  2 naga simulacra (IceCv)
  A shadow imp (D:5)
  5 white imps
  5 ufetubi
  3 adder zombies (Ossuary)
  2 worms
  2 dart slugs (D:2)
  29 orcs
  10 ball pythons
  6 endoplasms
  5 giant cockroaches
  A gnoll zombie (Ossuary)
  7 goblins
  8 hobgoblins
  5 jackals
  4 quokkas
  2 bats (D:2)
  2 hobgoblin zombies (Ossuary)
  11 kobolds
  4 orc zombies (Ossuary)
  2 rats
211 creatures vanquished.

Vanquished Creatures (collateral kills)
  A two-headed ogre (D:11)
  A cyclops (D:11)
  A salamander (Volcano)
  A manticore (D:11)
  A cane toad (Lair:1)
  A vampire mosquito (D:11)
  A steam dragon (D:7)
  A dire elephant simulacrum (IceCv)
  A harpy simulacrum (IceCv)
  A water moccasin (D:7)
  2 black bears (D:9)
  4 orc warriors
  An ice beast (D:7)
  A sky beast (D:5)
  2 ogres
  A centaur (D:8)
  A kobold brigand (D:7)
  2 bullfrogs
  A necrophage (D:5)
  A two-headed ogre simulacrum (IceCv)
  2 water moccasin zombies (Ossuary)
  A wight (D:9)
  2 hounds
  3 orc priests
  A jelly (D:5)
  An iguana (D:5)
  4 orc wizards
  A spriggan simulacrum (IceCv)
  A polar bear simulacrum (IceCv)
  A wolf simulacrum (IceCv)
  2 mummies (Ossuary)
  A gnoll (D:7)
  An adder (D:5)
  A naga simulacrum (IceCv)
  2 white imps
  3 ufetubi
  3 adder zombies (Ossuary)
  12 orcs
  A gnoll zombie (Ossuary)
  3 jackals
  A quokka (D:5)
  2 hobgoblin zombies (Ossuary)
  4 kobolds
  4 kobold zombies (Ossuary)
  An orc zombie (Ossuary)
84 creatures vanquished.

Vanquished Creatures (others)
  3 knights
  A fungus (Lair:1)
  6 plants
10 creatures vanquished.

Grand Total: 305 creatures vanquished

Notes
Turn   | Place    | Note
-------+----------+-------------------------------------------
     0 | D:1      | freelancePsychic the Tengu Monk began the quest for the
                  | Orb.
     0 | D:1      | Reached XP level 1. HP: 14/14 MP: 2/2
   280 | D:1      | Reached XP level 2. HP: 19/19 MP: 3/3
  1022 | D:2      | Reached XP level 3. HP: 23/23 MP: 4/4
  1373 | D:2      | Reached XP level 4. HP: 28/28 MP: 5/5
  2390 | D:3      | Reached skill level 1 in Ranged Weapons
  2769 | D:3      | Gained mutation: Your magical nature lets you fly swiftly
                  | and evasively. [Tengu growth]
  2769 | D:3      | Reached XP level 5. HP: 22/33 MP: 6/6
  2894 | D:3      | Found a burning altar of Makhleb.
  2894 | D:3      | Found a glowing silver altar of Zin.
  2895 | D:3      | Noticed an angel
  2895 | D:3      | Noticed a blizzard demon
  3251 | D:4      | Reached skill level 1 in Short Blades
  3395 | D:4      | Noticed a black bear
  4033 | D:4      | Found a staircase to the Ecumenical Temple.
  4200 | Temple   | Entered the Ecumenical Temple
  4256 | Temple   | Became a worshipper of Hepliaklqana the Forgotten
  4256 | Temple   | Reached * piety under Hepliaklqana
  4256 | Temple   | Reached ** piety under Hepliaklqana
  4260 | Temple   | Remembered your ancestor Edwyna as a knight
  4277 | D:5      | Entered Level 5 of the Dungeon
  4283 | D:5      | Reached skill level 2 in Ranged Weapons
  4283 | D:5      | Reached XP level 6. HP: 35/35 MP: 4/7
  4426 | D:4      | Reached skill level 3 in Ranged Weapons
  4457 | D:5      | Reached XP level 7. HP: 39/39 MP: 8/8
  4482 | D:5      | Identified the +3 quarterstaff of Dim Light {antimagic,
                  | Fragile rElec Will+++ SInv}
  4487 | D:5      | Reached skill level 4 in Ranged Weapons
  4491 | D:5      | Reached skill level 5 in Fighting
  4807 | D:5      | Reached skill level 5 in Ranged Weapons
  4999 | D:6      | Identified the +11 short sword of a Million Tusks {heavy,
                  | rF+ Dex-5 Stlth+}
  5127 | D:6      | Reached XP level 8. HP: 45/45 MP: 9/9
  5202 | D:6      | Found Holimes's Antique Armour Emporium.
  5210 | D:6      | Bought a glowing hat for 147 gold pieces
  5482 | D:7      | Reached *** piety under Hepliaklqana
  5520 | D:7      | Reached skill level 6 in Ranged Weapons
  5536 | D:7      | Found a sacrificial altar of Ru.
  5537 | D:7      | Found an iron altar of Okawaru.
  5539 | D:7      | Found a blossoming altar of Fedhas.
  5539 | D:7      | Found an ornate altar of the Wu Jian Council.
  5541 | D:7      | Found an ancient bone altar of Kikubaaqudgha.
  5796 | D:7      | Reached skill level 7 in Ranged Weapons
  5796 | D:7      | Reached skill level 5 in Dodging
  6116 | D:7      | Reached XP level 9. HP: 34/50 MP: 10/10
  6145 | D:7      | Paralysed by a gnoll sergeant for 5 turns
  6152 | D:7      | Reached skill level 8 in Ranged Weapons
  6310 | D:8      | Found a sand-covered staircase.
  6315 | Ossuary  | Entered an ossuary
  6610 | D:8      | Reached skill level 9 in Ranged Weapons
  6952 | D:8      | Reached **** piety under Hepliaklqana
  7257 | D:9      | Found a staircase to the Lair.
  7263 | D:9      | Reached skill level 10 in Ranged Weapons
  7395 | D:9      | Reached XP level 10. HP: 57/57 MP: 11/11
  7987 | D:9      | Found a radiant altar of Vehumet.
  7987 | D:9      | Found a broken altar of Ashenzari.
  8224 | D:10     | Entered Level 10 of the Dungeon
  8354 | D:10     | Noticed a two-headed ogre
  8362 | D:10     | Killed a two-headed ogre
  8363 | D:10     | Reached skill level 11 in Ranged Weapons
  8428 | D:10     | Noticed a two-headed ogre
  8434 | D:10     | Killed a two-headed ogre
  8435 | D:10     | Reached skill level 1 in Invocations
  8559 | D:10     | Reached ***** piety under Hepliaklqana
  8917 | D:11     | Noticed a two-headed ogre
  8920 | D:11     | Killed a two-headed ogre
  8921 | D:11     | Reached XP level 11. HP: 49/62 MP: 12/14
  9028 | D:11     | Reached skill level 12 in Ranged Weapons
  9074 | D:11     | Found a staircase to the Orcish Mines.
  9079 | D:11     | Noticed a manticore
  9082 | D:11     | Killed a manticore
  9124 | D:11     | Found Xivy's Weapon Emporium.
  9170 | D:11     | Noticed a cyclops
  9178 | D:11     | Killed a cyclops
  9190 | D:11     | Found Keta's Magic Scroll Boutique.
  9191 | D:11     | Noticed a two-headed ogre
  9196 | D:11     | Killed a two-headed ogre
  9807 | Lair:1   | Entered Level 1 of the Lair of Beasts
  9868 | Lair:1   | Found a dark tunnel.
  9878 | Volcano  | Entered a volcano
  9878 | Volcano  | Noticed a salamander
  9881 | Volcano  | Noticed a salamander
  9886 | Volcano  | HP: 1/63 [salamander/+0 halberd (7)]
  9886 | Volcano  | Killed a salamander
  9887 | Volcano  | Reached skill level 5 in Invocations
  9911 | Volcano  | Noticed a salamander
  9916 | Volcano  | Noticed a salamander
  9921 | Volcano  | Noticed a salamander
  9922 | Volcano  | Noticed a red draconian
  9923 | Volcano  | Noticed a salamander
  9976 | Lair:1   | Found a frozen archway.
  9990 | IceCv    | Entered an ice cave
 10365 | IceCv    | Reached skill level 13 in Ranged Weapons
 10608 | IceCv    | Killed from afar by an ice statue

Illustrated notes

Levels and vault maps discovered:
D:1:      onia_arrival_mini_maze_b, layout_basic
D:2:      layout_basic
D:3:      layout_loops_corners, grunt_temple_overflow_order_and_chaos_2,
          minivault_23, st_stairs_9, kennysheep_boxes
D:4:      mumra_celtic_spiral_tile, layout_basic, kennysheep_another_room,
          saegor_snake_ambush
D:5:      layout_rooms, minmay_checkerbox
D:6:      layout_rooms, serial_shops, nicolae_shop_advertising_works
          [nicolae_subvault_shop_adworks]
D:7:      layout_basic, minitemple
D:8:      layout_loops_ring, nicolae_ossuary_entry_false_entrances
D:9:      layout_stronghold, gammafunk_temple_overflow_elements,
          grunt_lair_entry_orc_guard_hut, nicolae_elevator_lobby_asterisk
D:10:     layout_roguey
D:11:     layout_roguey, orc_david_3, serial_shops, shop
Temple:   cyrus_circular_temple
Lair:1:   minmay_lair_oklob_tunnel, layout_chaotic_city,
          portal_ice_cave_entry_pillars_1, enter_volcano_1,
          chequers_serial_rivers_micro_c
IceCv:    ice_cave_caverns_02

Skill      XL: |  1  2  3  4  5  6  7  8  9 10 11 |
---------------+----------------------------------+-----
Stealth        | 3 4 |  4.0
Ranged Weapons | 1 2 3 5 7 10 11 13 | 13.0
Short Blades   | 1 |  1.9
Fighting       | 4 5 6 7 8 9 |  9.5
Dodging        | 4 5 7 8 9 |  9.4
Invocations    | 3 5 |  5.6
Long Blades    | |  0.3
Polearms       | |  3.8

Action                     |  1- 3 |  4- 6 |  7- 9 | 10-12 || total
---------------------------+-------+-------+-------+-------++-------
  Melee: Spear             |    83 |    45 |       |       ||   128
         Kick              |    14 |    18 |       |       ||    32
         Peck              |     7 |     9 |       |       ||    16
         Punch             |     1 |     1 |       |       ||     2
         Short sword       |       |    35 |       |       ||    35
         Falchion          |       |     2 |       |       ||     2
   Fire: Sling             |       |    27 |   196 |       ||   223
         Arbalest          |       |       |    84 |   209 ||   293
  Throw: Dart              |       |     2 |       |       ||     2
 Invoke: Recall Ancestor   |       |     2 |     5 |     6 ||    13
         Ancestor Life: Kn |       |     1 |       |       ||     1
  Evoke: Wand              |       |       |     1 |       ||     1
    Use: Scroll            |     1 |     4 |    10 |     4 ||    19
         Potion            |       |       |       |     3 ||     3
   Stab: Sleeping          |     9 |     5 |       |       ||    14
         Distracted        |     1 |       |       |       ||     1
 Armour: Leather armour    |     3 |    15 |    14 |     9 ||    41
  Dodge: Dodged            |    25 |    57 |    63 |    54 ||   199

Table legend: (Time is in decaauts)
 A = Elapsed time spent in this place.
 B = Non-inter-level travel time spent in this place.
 C = Inter-level travel time spent in this place.
 D = Time resting spent in this place.
 E = Time spent auto-exploring this place.
 F = Levels seen in this place.
 G = Mean time per level.
                   A        B        C        D        E       F      G
               +--------+--------+--------+--------+--------+-----+--------+
         Total |  10225 |   9749 |    476 |    281 |   7706 |  16 |  639.1 |
       Dungeon |   9179 |   8753 |    426 |    260 |   7133 |  11 |  834.5 |
        Temple |     60 |     54 |      6 |      0 |     31 |   1 |   60.0 |
          Lair |    131 |     88 |     43 |     12 |      0 |   1 |  131.0 |
       Ossuary |    157 |    157 |      0 |      0 |     88 |   1 |  157.0 |
      Ice Cave |    649 |    649 |      0 |      8 |    453 |   1 |  649.0 |
       Volcano |     46 |     46 |      0 |      0 |      0 |   1 |   46.0 |
               +--------+--------+--------+--------+--------+-----+--------+

Top non-repeatable levels by time:
     D:3: 1186 daAuts
     D:9: 1130 daAuts
     D:2: 1096 daAuts
     D:1: 929 daAuts
     D:4: 895 daAuts
    D:11: 837 daAuts
     D:7: 758 daAuts
   IceCv: 649 daAuts
     D:8: 626 daAuts
    D:10: 616 daAuts
     D:6: 614 daAuts
     D:5: 488 daAuts
 Ossuary: 157 daAuts
  Lair:1: 131 daAuts
  Temple: 60 daAuts
